 Dungeon Crawl Stone Soup version 0.28-a0-1506-g3893175d92 (webtiles) character file.

Game seed: 11457479620944368298

1191 voltaire321 the Skirmisher (level 8, -20/70 HPs)
             Began as a Minotaur Fighter on Jan 14, 2022.
             Was a Follower of Makhleb.
             Killed from afar by an acid dragon (21 damage)
             ... with a splash of acid
             ... on level 8 of the Dungeon.
             The game lasted 00:10:21 (4942 turns).

voltaire321 the Skirmisher (Minotaur Fighter)       Turns: 4942, Time: 00:10:21

Health: -20/70     AC:  7    Str: 24    XL:     8   Next: 20%
Magic:  8/8        EV:  9    Int:  5    God:    Makhleb [*.....]
Gold:   280        SH:  5    Dex:  9    Spells: 7/7 levels left

rFire   . . .      SeeInvis .   a - +0 war axe
rCold   . . .      Faith    .   c - +0 buckler
rNeg    . . .      Spirit   .   t - +0 chain mail
rPois   .          Reflect  .   (helmet restricted)
rElec   .          Harm     .   m - +0 cloak
rCorr   .          Rampage  .   (no gloves)
Will    .....                   (no boots)
Stlth   ..........              (no amulet)
HPRegen 0.21/turn               (no ring)
MPRegen 0.11/turn               (no ring)

@: corroded
A: horns 2, retaliatory headbutt
a: Renounce Religion


You were on level 8 of the Dungeon.
You worshipped Makhleb.
Makhleb was aware of your devotion.
You visited 2 branches of the dungeon, and saw 7 of its levels.
You also visited: Sewer.

You collected 280 gold pieces.

Inventory:

Hand Weapons
 a - a +0 war axe (weapon)
 r - a +0 war axe
Missiles
 j - 2 javelins (quivered)
 n - 9 poisoned darts
 u - a throwing net
Armour
 c - a +0 buckler (worn)
 m - a +0 cloak (worn)
 t - a +0 chain mail (worn)
Wands
 k - a wand of digging (4)
 s - a wand of paralysis (6)
Scrolls
 d - a scroll of magic mapping {unknown}
 f - a scroll of noise {unknown}
 g - 3 scrolls of teleportation {unknown}
 i - 3 scrolls of blinking {unknown}
 o - 4 scrolls of identify {unknown}
 v - a scroll of fear {unknown}
Potions
 b - 2 potions of attraction {unknown}
 e - 2 potions of mutation {unknown}
 h - 2 potions of curing {unknown}
 l - a potion of brilliance {unknown}


   Skills:
 + Level 5.9 Fighting
 + Level 5.3 Axes
 + Level 3.1 Throwing
 + Level 5.8 Armour
 + Level 3.9 Dodging
 + Level 5.9 Shields
 + Level 2.4 Invocations


You had 7 spell levels left.
You didn't know any spells.
Your spell library contained the following spells:

 Spells                   Type           Power      Damage    Failure   Level
 Animate Skeleton         Necr           0%         N/A       99%         1
 Apportation              Tloc           0%         N/A       99%         1
 Summon Small Mammal      Summ           0%         N/A       99%         1
 Conjure Flame            Conj/Fire      0%         6-21      100%        3
 Ignite Poison            Fire/Tmut/Pois 0%         N/A       100%        3
 Sticky Flame             Conj/Fire      0%         2d3       100%        4


Dungeon Overview and Level Annotations

Branches:
Dungeon (5/15)             Temple (1/1) D:4           Sewer (visited)

Altars:
Ashenzari
Cheibriados
Elyvilon
Fedhas
Gozag
Hepliaklqana
Kikubaaqudgha
Makhleb
Nemelex Xobeh
Okawaru
Qazlal
Ru
Sif Muna
Trog
Uskayaw
Vehumet
Wu Jian
Xom
Yredelemnul
Zin
The Shining One


Innate Abilities, Weirdness & Mutations

You have a pair of horns on your head.
You reflexively headbutt those who attack you in melee.


Message History

The polar bear bites you!
The polar bear claws you but does no damage.
The polar bear claws you. The polar bear bites you.
* * * LOW HITPOINT WARNING * * *
The polar bear claws you but does no damage.
The polar bear claws you.
* * * LOW HITPOINT WARNING * * *
You hit the polar bear. You headbutt the polar bear!
You kill the polar bear!
Makhleb accepts your kill.
Your Throwing skill increases to level 3!
You have reached level 8!
You feel stronger.
You feel much better. The acid dragon closely misses you.
You furiously retaliate!
You headbutt the acid dragon.
The acid dragon claws you but does no damage.
You slash the acid dragon! You headbutt the acid dragon.
The acid dragon is heavily wounded.
The acid dragon spits acid at you. The splash of acid hits you!
The acid corrodes you!
You slash the acid dragon!
The acid dragon is severely wounded.
You block the acid dragon's attack. The acid dragon claws you.
The acid dragon barely misses you. The acid dragon claws you.
You closely miss the acid dragon.
The acid dragon is severely wounded.
The acid dragon bites you but does no damage.
The acid dragon barely misses you.
You hit the acid dragon but do no damage.
The acid dragon is severely wounded.
The acid dragon spits acid at you. The splash of acid hits you!!
* * * LOW HITPOINT WARNING * * *
The acid corrodes you!
You hit the acid dragon.
You headbutt the acid dragon, but do no damage.
The acid dragon is severely wounded.
The acid dragon spits acid at you. The splash of acid hits you!!
You die...

####..... .#
#........##.#
#.##........#
#.# ........#
#.# #...∩..#
#.#
#.....#.###
#.#
#.....D....
#.#######D##
#.(.......@#
#########..#
#..# ...#
##.## #.# #.#
#.#


You could see an acid dragon (catching breath).

Vanquished Creatures
  A polar bear (D:8)
  Pargi (Sewer)
  An ice beast (D:5)
  An ogre (D:5)
  3 scorpions
  A wyvern zombie (D:5)
  3 killer bees (D:5)
  A gnoll shaman (D:5)
  An orc priest (D:4)
  2 iguanas
  A hound skeleton (D:4)
  2 adders
  6 gnolls
  7 worms
  5 dart slugs
  10 orcs
  9 ball pythons
  9 bats
  7 endoplasms
  4 giant cockroaches
  7 goblins
  13 hobgoblins
  5 quokkas
  2 frilled lizards
  9 kobolds
  5 rats
116 creatures vanquished.

Notes
Turn   | Place    | Note
-------+----------+-------------------------------------------
     0 | D:1      | voltaire321 the Minotaur Fighter began the quest for the
                  | Orb.
     0 | D:1      | Reached XP level 1. HP: 19/19 MP: 0/0
   122 | D:1      | Reached XP level 2. HP: 15/27 MP: 1/1
   259 | D:1      | Found a faded altar of an unknown god.
   272 | D:1      | Reached skill level 1 in Dodging
   562 | D:1      | Reached XP level 3. HP: 30/33 MP: 2/2
  1175 | D:2      | Noticed a scorpion
  1185 | D:2      | Killed a scorpion
  1186 | D:2      | Reached XP level 4. HP: 30/41 MP: 3/3
  2139 | D:3      | Reached XP level 5. HP: 47/47 MP: 4/4
  2431 | D:3      | Found a glowing drain.
  2443 | Sewer    | Entered a sewer
  2482 | Sewer    | Noticed Pargi
  2494 | Sewer    | Killed Pargi
  2495 | Sewer    | Reached skill level 1 in Throwing
  2746 | Sewer    | Reached XP level 6. HP: 55/55 MP: 5/5
  3267 | D:4      | Found a staircase to the Ecumenical Temple.
  3284 | D:4      | Reached skill level 5 in Fighting
  3294 | Temple   | Entered the Ecumenical Temple
  3410 | Temple   | Became a worshipper of Makhleb the Destroyer
  3729 | D:4      | Reached skill level 5 in Shields
  3772 | D:4      | Reached skill level 5 in Armour
  4064 | D:5      | Entered Level 5 of the Dungeon
  4118 | D:5      | Reached skill level 1 in Invocations
  4118 | D:5      | Reached XP level 7. HP: 54/61 MP: 6/6
  4510 | D:5      | Reached * piety under Makhleb
  4519 | D:5      | Reached skill level 5 in Axes
  4913 | D:5      | You fall into a shaft and drop 3 floors!
  4922 | D:8      | Noticed a polar bear
  4936 | D:8      | Killed a polar bear
  4937 | D:8      | Reached XP level 8. HP: 15/70 MP: 8/8
  4941 | D:8      | HP: 1/70 [acid dragon/splash of acid (27)]
  4942 | D:8      | Killed from afar by an acid dragon

Illustrated notes

Levels and vault maps discovered:
D:1:      dpeg_arrival_leaves_temple_mockup, layout_basic,
          hellmonk_ecumenical_altar_blasted
D:2:      layout_loops_corners
D:3:      layout_loops_ring, cheibrodos_sewer_entry_bend
D:4:      layout_cave_pools, minmay_temple_entry_offerings,
          chequers_serial_rivers_micro_a, nrook_uturn, nicolae_wormholes
D:5:      layout_basic
D:8:      layout_loops_ring, serial_shops, kennysheep_mini_moat, enter_bailey_6,
          serial_ice, serial_ice_g, serial_ice_i, serial_ice_h, serial_ice_f,
          serial_ice_b, serial_ice_a, serial_ice_c, serial_ice_m, serial_ice_d,
          serial_ice_e, uniq_pikel, uniq_prince_ribbit1, uniq_erica
Temple:   compressed_dpeg_circular_temple

Skill      XL: |  1  2  3  4  5  6  7 |
---------------+----------------------+-----
Dodging        | 1 2 3 |  3.9
Shields        | 4 5 |  5.9
Fighting       | 4 5 |  5.9
Armour         | 4 5 |  5.8
Axes           | 3 4 5 |  5.3
Throwing       | 1 2 3 |  3.1
Invocations    | 1 2 |  2.4

Action                   |  1- 3 |  4- 6 |  7- 9 || total
-------------------------+-------+-------+-------++-------
Melee: War axe           |    74 |   143 |    57 ||   274
       Headbutt          |     9 |    21 |    17 ||    47
  Use: Potion            |       |     1 |     4 ||     5
Armor: Scale mail        |    37 |    62 |       ||    99
       Chain mail        |       |    12 |    39 ||    51
Dodge: Dodged            |    25 |    66 |    34 ||   125
Block: Buckler           |    19 |    37 |    22 ||    78

Table legend: (Time is in decaauts)
 A = Elapsed time spent in this place.
 B = Non-inter-level travel time spent in this place.
 C = Inter-level travel time spent in this place.
 D = Time resting spent in this place.
 E = Time spent auto-exploring this place.
 F = Levels seen in this place.
 G = Mean time per level.
                   A        B        C        D        E       F      G
               +--------+--------+--------+--------+--------+-----+--------+
         Total |   5045 |   4941 |    104 |    911 |   2860 |   8 |  630.6 |
       Dungeon |   4595 |   4491 |    104 |    733 |   2726 |   6 |  765.8 |
        Temple |    123 |    123 |      0 |      0 |     61 |   1 |  123.0 |
         Sewer |    326 |    326 |      0 |    178 |     73 |   1 |  326.0 |
               +--------+--------+--------+--------+--------+-----+--------+

Top non-repeatable levels by time:
     D:2: 1070 daAuts
     D:1: 1028 daAuts
     D:4: 1020 daAuts
     D:5: 861 daAuts
     D:3: 581 daAuts
   Sewer: 326 daAuts
  Temple: 123 daAuts
     D:8: 33 daAuts
